 Dungeon Crawl Stone Soup version 0.29.0-4-gdea44cf6ec (webtiles) character file.

Game seed: 17464814520815831363

66 qw the Chopper (level 4, -1/28 HPs)
             Began as a Gargoyle Fighter on Sept 9, 2022.
             Slain by a kobold brigand
             ... wielding a +0 club
              (5 damage)
             ... on level 3 of the Dungeon.
             The game lasted 00:01:12 (3071 turns).

qw the Chopper (Gargoyle Fighter)                   Turns: 3071, Time: 00:01:13

Health: -1/28      AC: 12    Str: 21    XL:     4   Next: 15%
Magic:  4/4        EV: 11    Int:  9    God:
Gold:   163        SH:  4    Dex:  9    Spells: 3/3 levels left

rFire   . . .      SeeInvis .   Y - +1 war axe
rCold   . . .      Faith    .   c - +0 buckler
rNeg    + . .      Spirit   .   g - +0 chain mail
rPois   inf        Reflect  .   (no helmet)
rElec   +          Harm     .   (no cloak)
rCorr   .          Rampage  .   (no gloves)
Will    +....                   (no boots)
Stlth   ..........              (no amulet)
HPRegen 0.09/turn               l - +4 ring of evasion
MPRegen 0.09/turn               o - ring of willpower

@: no status effects
A: sickness immunity, AC +3, negative energy resistance 1, electricity
resistance, torment resistance 1, petrification resistance
a: no special abilities


You were on level 3 of the Dungeon.
You visited 1 branch of the dungeon, and saw 3 of its levels.

You collected 163 gold pieces.


Innate Abilities, Weirdness & Mutations

You are immune to sickness and miasma.
Your stone body is resilient. (AC +3)
You are immune to poison.
You resist negative energy. (rN+)
You are resistant to electric shocks. (rElec)
You are resistant to unholy torment.
You are immune to petrification.


   Skills:
 - Level 3.2 Fighting
 + Level 3.9 Axes
 - Level 3.2 Armour
 - Level 3.2 Shields


You had 3 spell levels left.
You didn't know any spells.
Your spell library was empty.

Inventory:

Hand Weapons
 j - a +0 flail
 Y - a +1 war axe (weapon)
Armour
 c - a +0 buckler (worn)
 g - a +0 chain mail (worn)
Jewellery
 l - a +4 ring of evasion (left hand)
 m - a ring of fire
 o - a ring of willpower (right hand)
Scrolls
 a - a scroll of fog {unknown}
 b - a scroll of identify
Potions
 d - a potion of might
 h - a potion of haste
 i - a potion of berserk rage {unknown}
 k - a potion of curing {unknown}
 n - a potion of degeneration {unknown}

Dungeon Overview and Level Annotations

Branches:
Dungeon (3/15)

Altars:


Message History

The kobold brigand hits you with a +0 club.
You hit the kobold brigand.
The kobold brigand is moderately wounded.
The kobold brigand hits you but does no damage.
You closely miss the kobold brigand.
The kobold brigand is moderately wounded.
The kobold brigand closely misses you.
You barely miss the kobold brigand.
The kobold brigand is moderately wounded.
The kobold brigand hits you but does no damage.
The kobold brigand closely misses you.
You completely miss the kobold brigand.
The kobold brigand is moderately wounded.
The kobold brigand hits you with a +0 club.
You closely miss the kobold brigand.
The kobold brigand is moderately wounded.
You block the kobold brigand's attack.
You miss the kobold brigand.
The kobold brigand is moderately wounded.
You block the kobold brigand's attack. x2
You slash the kobold brigand!
The kobold brigand is heavily wounded.
The kobold brigand hits you with a +0 club.
You closely miss the kobold brigand.
The kobold brigand is heavily wounded.
The kobold brigand hits you but does no damage.
You completely miss the kobold brigand.
The kobold brigand is heavily wounded.
The kobold brigand hits you with a +0 club. x2
You barely miss the kobold brigand.
The kobold brigand is heavily wounded.
The kobold brigand misses you.
You hit the kobold brigand.
The kobold brigand is severely wounded.
You block the kobold brigand's attack.
The kobold brigand hits you but does no damage.
You hit the kobold brigand.
The kobold brigand is severely wounded.
The kobold brigand hits you with a +0 club.
You die...

#.# #...# #.# #..##
#.# #..# #.# #####
#..# #.# ###~~~####
#..# #.# #~~~~~~~~
#### #.# ~~~~~~~
####.
#.#######~~~###......
#.#.....#####@K.....#
#.#))..........######
#.)))###.....###
###### #######


You could see a kobold brigand.

Vanquished Creatures
  An adder (D:2)
  A worm (D:2)
  6 endoplasms
  4 goblins
  3 hobgoblins
  3 jackals (D:1)
  10 kobolds
  3 quokkas
  4 ball pythons
  5 bats (D:1)
  3 frilled lizards
  10 rats
53 creatures vanquished.

Notes
Turn   | Place    | Note
-------+----------+-------------------------------------------
     0 | D:1      | qw the Gargoyle Fighter began the quest for the Orb.
     0 | D:1      | Reached XP level 1. HP: 14/14 MP: 1/1
     0 | D:1      | 0 ||| qw: Version: 0.1-a-113-g051387a
     0 | D:1      | 0 ||| qw: Game counter: 7316
     0 | D:1      | 0 ||| qw: Always use a shield: true
     0 | D:1      | 0 ||| qw: God list: Okawaru
     0 | D:1      | 0 ||| qw: Allow faded altars: false
     0 | D:1      | 0 ||| qw: Do Orc after D:15 true
     0 | D:1      | 0 ||| qw: Do second Lair branch before Depths: true
     0 | D:1      | 0 ||| qw: Lair rune preference: random
     0 | D:1      | 0 ||| qw: Plans: Normal, Zot, God:TSO, Crypt, Tomb, Zig,
                  | Orb
     0 | D:1      | 0 ||| PLANNING D:1-11
   281 | D:1      | Reached XP level 2. HP: 18/19 MP: 2/2
   726 | D:1      | 726 ||| DROPPING +0 club.
   900 | D:1      | Reached skill level 3 in Axes
   949 | D:1      | Reached XP level 3. HP: 22/23 MP: 3/3
  1079 | D:1      | Found a faded altar of an unknown god.
  1140 | D:1      | 1140 ||| UPGRADING to +0 chain mail.
  1150 | D:1      | 1150 ||| DROPPING +0 scale mail.
  1151 | D:1      | 1151 ||| READING scroll labelled PUSTIKHLOXACWE.
  1152 | D:1      | 1152 ||| READING scroll labelled JICHACRUFE.
  1188 | D:2      | 1188 ||| STAIRDANCE
  1196 | D:2      | 1196 ||| STAIRDANCE
  1202 | D:2      | 1202 ||| STAIRDANCE
  1239 | D:2      | 1239 ||| STAIRDANCE
  1651 | D:2      | Identified the +0 leather armour of Vesk {Str+7}
  2253 | D:2      | 2253 ||| UPGRADING to +4 ring of evasion.
  2254 | D:2      | 2254 ||| UPGRADING to ring of willpower.
  2255 | D:2      | 2255 ||| READING scroll labelled RAPUMO QIRATE.
  2256 | D:2      | 2256 ||| READING scroll labelled HEGROM XINOASK.
  2257 | D:2      | 2257 ||| READING scroll labelled QIAHEJ LEXTE.
  2258 | D:2      | 2258 ||| READING scroll labelled APPOFE KOAKEF.
  2259 | D:2      | 2259 ||| READING 2 scrolls of identify.
  2259 | D:2      | 2259 ||| IDENTIFYING golden potion
  2577 | D:3      | Reached XP level 4. HP: 28/28 MP: 4/4
  2915 | D:3      | 2915 ||| FLEEEEING.
  2972 | D:3      | 2972 ||| Stepping ~*~*~tactically~*~*~ (stealth).
  2974 | D:3      | 2974 ||| Stepping ~*~*~tactically~*~*~ (stealth).
  3051 | D:3      | Noticed a kobold brigand
  3068 | D:3      | HP: 4/28 [kobold brigand/+0 club (5)]
  3071 | D:3      | Slain by a kobold brigand

Levels and vault maps discovered:
D:1:      minmay_arrival_four_circles, layout_basic,
          hellmonk_ecumenical_altar_heavens_door, hangedman_decor_peaks_small,
          interstate_on_off, nicolae_figureground_pulse
D:2:      layout_basic
D:3:      cheibrodos_thug_alley, layout_loops_ring, corexii_hall_statues_x

Skill      XL: |  1  2 |
---------------+-------+-----
Axes           | 2 3 |  3.9
Fighting       | |  3.2
Armour         | |  3.2
Shields        | |  3.2

Action                   |  1- 3 |  4- 6 || total
-------------------------+-------+-------++-------
Melee: War axe           |   164 |    34 ||   198
  Use: Scroll            |     7 |       ||     7
Armor: Scale mail        |    43 |       ||    43
       Chain mail        |    36 |    13 ||    49
Dodge: Dodged            |    65 |    11 ||    76
Block: Buckler           |    29 |     9 ||    38

Table legend:
 A = Non-vault XP
 B = Vault XP
 C = Vault XP percentage of total XP
 D = Non-vault monster count
 E = Vault monster count
 F = Vault count percentage of total count
                 A         B        C        D         E       F
            +---------+---------+-------+---------+---------+-------
      Total |      86 |       9 |   9.5 |      47 |       6 |  11.3
            +---------+---------+-------+---------+---------+-------
        D:1 |      44 |       0 |   0.0 |      29 |       0 |   0.0
        D:2 |      33 |       0 |   0.0 |      13 |       0 |   0.0
        D:3 |       9 |       9 |  50.0 |       5 |       6 |  54.5
            +---------+---------+-------+---------+---------+-------
